 Dungeon Crawl Stone Soup version 0.20.1-1-g8b1a95d (webtiles) character file.

38789 Knicklaso the Grappler (level 13, -8/133 HPs)
             Began as a Troll Monk on July 19, 2017.
             Mangled by a death yak (10 damage)
             ... on level 6 of the Lair of Beasts.
             The game lasted 01:14:49 (11881 turns).

Knicklaso the Grappler (Troll Monk)                Turns: 11881, Time: 01:14:50

Health: -8/133     AC: 10    Str: 26    XL:     13   Next: 65%
Magic:  18/18      EV: 17    Int:  8    God:
Gold:   756        SH:  0    Dex: 16    Spells: 12/12 levels left

rFire    . . .     SeeInvis .     - Unarmed
rCold    . . .     Gourm    +   (no shield)
rNeg     + . .     Faith    .   u - +2 robe {rN+}
rPois    .         Spirit   .   (helmet restricted)
rElec    +         Reflect  .   (no cloak)
rCorr    .         Harm     .   (gloves unavailable)
MR       .....                  (boots unavailable)
Stlth    ++........             a - amulet of rage
Regen    0.8/turn               G - +4 ring of strength
MPRegen  0.2/turn               m - +3 ring of protection

@: berserk cooldown, very slightly contaminated, hasted and slowed
A: unfitting armour, claws 3, clever 1, deterioration 1, fast metabolism 3,
gourmand, regeneration 1, shaggy fur 1, electricity resistance, tough skin 2
a: Evoke Berserk Rage


You were on level 6 of the Lair of Beasts.
You were not hungry.

You visited 2 branches of the dungeon, and saw 15 of its levels.

You collected 756 gold pieces.

Inventory:

Missiles
 I - 5 large rocks (quivered)
Armour
 u - a +2 robe of positive energy (worn)
Jewellery
 a - an amulet of rage (around neck)
 d - the amulet of Xanuneg {Regen+ Dex+2}
   (You acquired it on level 5 of the Lair of Beasts)

   [amulet of regeneration]

   It affects your dexterity (+2).
   It increases your rate of regeneration.
 m - a +3 ring of protection (right claw)
 o - an uncursed ring of ice
 t - the amulet "Qoet" {RegenMP *Drain +Blink rF+++}
   (You acquired it on level 3 of the Lair of Beasts)

   [amulet of magic regeneration]

   It increases your magic regeneration.
   It renders you almost immune to fire.
   It lets you blink.
   It causes draining when unequipped.
 w - an uncursed ring of see invisible {unknown}
 E - an uncursed ring of poison resistance {unknown}
 G - a +4 ring of strength (left claw)
 K - an uncursed ring of positive energy
 T - the ring "Lolaowk" {*Slow +Fly rN+ Int+7 Dex+2}
   (You found it on level 8 of the Dungeon)

   [ring of positive energy]

   It affects your intelligence (+7).
   It affects your dexterity (+2).
   It protects you from negative energy.
   It lets you fly.
   It may slow you when you take damage.
 Y - an uncursed ring of resist corrosion
Wands
 k - a wand of confusion (28/48)
 L - a wand of digging (7/24)
 N - a wand of enslavement (12/24)
 O - a wand of acid (7/15)
 Q - a wand of confusion (21/48)
 U - a wand of disintegration (2/24)
Scrolls
 c - 14 scrolls of remove curse
 e - 2 scrolls of recharging
 i - 5 scrolls of identify
 j - a scroll of enchant weapon
 q - 2 scrolls of teleportation
 y - 3 scrolls of enchant armour
 B - a scroll of fog
 M - 2 scrolls of brand weapon
Potions
 h - 4 potions of brilliance
 s - 5 potions of flight
 x - 4 potions of might
 z - 2 potions of magic
 D - 2 potions of cancellation
Books
 l - a book of Geomancy

   Spells                             Type                      Level
   a - Sandblast                      Earth                        1
   b - Passwall                       Transmutation/Earth          2
   c - Stone Arrow                    Conjuration/Earth            3
   d - Petrify                        Transmutation/Earth          4
   e - Lee's Rapid Deconstruction     Earth                        5
 v - a Young Poisoner's Handbook

   Spells                             Type                      Level
   a - Sting                          Conjuration/Poison           1
   b - Poisonous Vapours              Poison/Air                   2
   c - Mephitic Cloud                 Conjuration/Poison/Air       3
   d - Olgreb's Toxic Radiance        Poison                       4
   e - Venom Bolt                     Conjuration/Poison           5
Miscellaneous
 r - a lightning rod (4/4)
Comestibles
 b - 12 bread rations
 g - 10 royal jellies
 n - 7 meat rations
 A - 8 fruits
 C - a chunk of flesh


   Skills:
 - Level 10.1 Fighting
 * Level 2.1 Throwing
 - Level 10.1 Dodging
 - Level 1.0 Stealth
 - Level 12.2 Unarmed Combat
 - Level 8.8 Evocations


You had 12 spell levels left.
You didn't know any spells.

Dungeon Overview and Level Annotations

Branches:
Dungeon (9/15)             Temple (0/1) D:4            Lair (6/6) D:9
  Swamp (0/4) Lair:4        Snake (0/4) Lair:3        Slime (0/5) Lair:5
    Orc: D:9-12

Altars:
Dithmenos
Gozag
Makhleb
Nemelex Xobeh
Okawaru

Shops:
D:7 (

Annotations:
Lair:5 exclusion: 5 oklob plants


Innate Abilities, Weirdness & Mutations

You are too large for most types of armour.
You have claws for hands.
Your metabolism is lightning-fast.
You like to eat raw meat.
Your natural rate of healing is unusually fast.
You are covered in fur. (AC +1)
You have very tough skin. (AC +2)
Your mind is acute. (Int +2)
Your body sometimes deteriorates upon taking damage.
You are resistant to electric shocks. (rElec)


Message History

The yak is heavily wounded.
You feel yourself speed up.
You claw the death yak!
The death yak is moderately wounded.
The death yak gores you!
* * * LOW HITPOINT WARNING * * *
You scratch the death yak but do no damage.
The death yak is moderately wounded.
You mangle the yak!!
The yak is almost dead.
The death yak closely misses you.
The death yak gores you but does no damage.
You scratch the yak.
The yak is almost dead.
The yak closely misses you. The death yak gores you!!
* * * LOW HITPOINT WARNING * * *
You mangle the yak!!
You kill the yak!
The death yak gores you!
You die...

#.##..##...........(.............
## #####.........................
##........................
..#.......§..............##
............§..............
.............§..............
............§§§§............
...........YY§§§§...........
....#.P.P..@§§§§§...## #....
....#....#####§§..######PP.
......#...P##.#..####.#..P.
.............<..##....#...
......$.........†....... ..
..........Y........ .
...........Y.......
.........#....#..P.
..........P...P....


You could see 2 death yaks.

Vanquished Creatures
  Snorg (Lair:3)
  Josephine (Lair:5)
  A death yak (Lair:6)
  The ghost of Schimscham the Destroyer, a novice DrAE of Sif Muna (D:7)
  Pikel (D:8)
  11 elephants
  3 black mambas
  A torpor snail (Lair:6)
  6 spiny frogs
  5 komodo dragons
  2 rime drakes (Lair:6)
  3 polar bears
  16 blink frogs
  9 dream sheep
  2 hippogriffs
  Sigmund (D:2)
  A spriggan (D:7)
  23 yaks
  Eustachio (D:4)
  3 wraiths (Lair:5)
  2 wyverns (Lair:6)
  2 basilisks
  A hungry ghost (D:8)
  3 nagas (Lair:3)
  Menkaure (D:5)
  8 water moccasins
  7 porcupines
  An orc warrior (D:7)
  3 black bears
  2 sky beasts
  A necrophage (D:8)
  3 ogres
  5 centaurs
  6 crocodiles
  6 wolves (Lair:3)
  9 bullfrogs
  2 big kobolds
  Blork the orc (D:4)
  8 killer bees
  4 wights
  A howler monkey (D:7)
  4 crimson imps
  2 bullfrog zombies
  A centaur zombie (D:8)
  A jelly (D:8)
  3 hounds
  2 orc priests (D:4)
  8 orc wizards
  3 centaur skeletons
  2 iguanas
  Natasha (thrice) (D:2 D:3)
  2 worker ants
  Terence (D:3)
  A hound zombie (D:5)
  2 hound skeletons
  Robin (D:2)
  6 adders
  4 gnolls (D:5)
  A howler monkey skeleton (D:5)
  4 shadow imps
  2 oozes
  An adder skeleton (D:6)
  2 worms
  3 dart slugs
  4 leopard geckos
  16 orcs
  5 giant cockroaches
  9 goblins
  5 hobgoblins
  6 jackals
  14 kobolds
  3 quokkas
  4 ball pythons (D:3)
  3 bats
  5 frilled lizards
  A giant cockroach zombie (D:5)
  5 rats
  A plant (Lair:5)
308 creatures vanquished.

Vanquished Creatures (others)
  An orc (D:8)
  A bush (Lair:6)
  17 fungi
  12 plants
31 creatures vanquished.

Grand Total: 339 creatures vanquished

Notes
Turn   | Place    | Note
-------+----------+-------------------------------------------
     0 | D:1      | Knicklaso the Troll Monk began the quest for the Orb.
     0 | D:1      | Reached XP level 1. HP: 22/22 MP: 0/0
   502 | D:1      | Reached XP level 2. HP: 23/29 MP: 1/1
   852 | D:2      | Reached skill level 4 in Unarmed Combat
   869 | D:2      | Reached XP level 3. HP: 29/36 MP: 2/2
   916 | D:2      | Noticed Natasha
   928 | D:2      | Killed Natasha
  1088 | D:2      | Noticed Robin
  1092 | D:2      | Reached XP level 4. HP: 38/44 MP: 3/3
  1100 | D:2      | Killed Robin
  1100 | D:2      | Reached skill level 5 in Unarmed Combat
  1226 | D:2      | Noticed Sigmund
  1236 | D:2      | Killed Sigmund
  1236 | D:2      | Reached skill level 6 in Unarmed Combat
  1236 | D:2      | Reached XP level 5. HP: 19/50 MP: 4/4
  1398 | D:2      | Reached XP level 6. HP: 59/59 MP: 5/5
  1578 | D:3      | Found an opulent altar of Gozag.
  1674 | D:3      | Noticed Natasha
  1685 | D:3      | Killed Natasha
  1685 | D:3      | Reached skill level 7 in Unarmed Combat
  1695 | D:3      | Noticed Terence
  1704 | D:3      | Killed Terence
  1755 | D:3      | Noticed Natasha
  1760 | D:3      | Killed Natasha
  1842 | D:3      | Found a burning altar of Makhleb.
  1842 | D:3      | Found an opulent altar of Gozag.
  1842 | D:3      | Found an iron altar of Okawaru.
  2429 | D:4      | Found a staircase to the Ecumenical Temple.
  2485 | D:4      | Reached skill level 8 in Unarmed Combat
  2485 | D:4      | Reached XP level 7. HP: 66/66 MP: 6/6
  2548 | D:4      | Noticed Eustachio
  2564 | D:4      | Killed Eustachio
  2624 | D:4      | Noticed Blork the orc
  2642 | D:4      | Killed Blork the orc
  3002 | D:4      | Reached skill level 1 in Evocations
  3216 | D:5      | Entered Level 5 of the Dungeon
  3216 | D:5      | Noticed Menkaure
  3226 | D:5      | Killed Menkaure
  3245 | D:5      | Reached XP level 8. HP: 78/78 MP: 8/8
  3425 | D:5      | Found a shadowy altar of Dithmenos.
  3709 | D:6      | Gained mutation: Scrolls take you a little longer to read. [mutagenic meat]
  3710 | D:6      | Gained mutation: You are frail. (-10% HP) [mutagenic meat]
  3745 | D:6      | Found a sparkling altar of Nemelex Xobeh.
  4139 | D:6      | Reached skill level 5 in Fighting
  4266 | D:6      | Reached skill level 5 in Dodging
  4266 | D:6      | Reached XP level 9. HP: 10/79 MP: 10/10
  4269 | D:6      | HP: 2/79 [orc/short sword (6)]
  4273 | D:6      | Lost mutation: Scrolls take you a little longer to read. [potion of mutation]
  4273 | D:6      | Lost mutation: You are frail. (-10% HP) [potion of mutation]
  4273 | D:6      | Gained mutation: Your mind is acute. (Int +2) [potion of mutation]
  4273 | D:6      | Gained mutation: Your body sometimes deteriorates upon taking damage. [potion of mutation]
  4273 | D:6      | Gained mutation: You are resistant to electric shocks. (rElec) [potion of mutation]
  4421 | D:7      | Noticed Schimscham's ghost (novice DrAE)
  4488 | D:7      | Killed Schimscham's ghost
  5086 | D:7      | Found Mekh's Antique Weapon Shoppe.
  5171 | D:7      | Reached skill level 5 in Evocations
  5247 | D:8      | Reached XP level 10. HP: 86/100 MP: 12/12
  5430 | D:8      | Got a wavering silver ring
  5432 | D:8      | Identified the ring "Lolaowk" {*Slow +Fly rN+ Int+7 Dex+2} (You found it on level 8 of the Dungeon)
  5482 | D:8      | Noticed Pikel
  5493 | D:8      | Killed Pikel
  5865 | D:9      | Found a staircase to the Lair.
  5891 | D:8      | HP: 4/102 [wight/war axe of venom (8)]
  6129 | D:9      | Reached skill level 9 in Unarmed Combat
  6187 | Lair:1   | Entered Level 1 of the Lair of Beasts
  6397 | Lair:1   | Noticed a spiny frog
  6418 | Lair:2   | Noticed a spiny frog
  6430 | Lair:2   | Killed a spiny frog
  6579 | Lair:3   | Found a staircase to the Snake Pit.
  6714 | Lair:3   | Noticed a seven-headed hydra
  7061 | Lair:4   | Noticed a spiny frog
  7071 | Lair:4   | Killed a spiny frog
  7071 | Lair:4   | Reached XP level 11. HP: 75/109 MP: 14/14
  7379 | Lair:3   | Noticed a four-headed hydra
  7549 | Lair:4   | Reached skill level 10 in Unarmed Combat
  8020 | Lair:4   | Found a staircase to the Swamp.
  8152 | Lair:5   | Noticed an eight-headed hydra
  8450 | Lair:5   | Identified a scroll of acquirement
  8454 | Lair:5   | Got a clouded ivory amulet
  8456 | Lair:5   | Identified the amulet of Xanuneg {Regen+ Dex+2} (You acquired it on level 5 of the Lair of Beasts)
  8461 | Lair:5   | Reached XP level 12. HP: 123/123 MP: 16/16
  8463 | Lair:6   | Entered Level 6 of the Lair of Beasts
  8506 | Lair:5   | Noticed Josephine
  8535 | Lair:5   | Reached skill level 11 in Unarmed Combat
  8566 | Lair:5   | Killed Josephine
  8680 | Lair:5   | Noticed a five-headed hydra
  8991 | Lair:5   | Reached XP level 13. HP: 131/131 MP: 18/18
  9077 | Lair:5   | Found a staircase to the Slime Pits.
 10159 | Lair:3   | Noticed Snorg
 10173 | Lair:3   | Killed Snorg
 10299 | Lair:3   | Got a fine golden amulet
 10301 | Lair:3   | Identified the amulet "Qoet" {RegenMP *Drain +Blink rF+++} (You acquired it on level 3 of the Lair of Beasts)
 11084 | Lair:6   | Reached skill level 10 in Fighting
 11160 | Lair:6   | Reached skill level 12 in Unarmed Combat
 11279 | Lair:6   | Reached skill level 10 in Dodging
 11853 | Lair:6   | Reached skill level 1 in Throwing
 11880 | Lair:6   | HP: 1/133 [death yak (20)]
 11881 | Lair:6   | Mangled by a death yak

Skill      XL: |  1  2  3  4  5  6  7  8  9 10 11 12 13 |
---------------+----------------------------------------+-----
Unarmed Combat | 4 6 8 9 10 11 12 | 12.2
Fighting       | 3 5 6 7 9 10 | 10.1
Dodging        | 3 5 6 7 9 10 | 10.1
Evocations     | 1 3 5 6 7 8 |  8.8
Throwing       | 2 |  2.1
Stealth        | |  1.0

Action                   |  1- 3 |  4- 6 |  7- 9 | 10-12 | 13-15 || total
-------------------------+-------+-------+-------+-------+-------++-------
Melee: Unarmed           |    69 |   139 |   281 |   344 |   271 ||  1104
       Punch             |     2 |       |    10 |    28 |    22 ||    62
Throw: Large rock        |       |       |       |       |     3 ||     3
 Abil: Evoke Berserk Rag |       |       |       |     4 |     4 ||     8
Evoke: Wand              |       |       |       |     2 |    13 ||    15
  Use: Potion            |       |       |     9 |     7 |     2 ||    18
       Scroll            |       |       |     5 |    13 |     9 ||    27
 Stab: Sleeping          |     1 |     4 |     1 |       |       ||     6
       Distracted        |       |       |       |       |     1 ||     1
  Eat: Chunk             |    12 |    15 |    29 |    40 |    24 ||   120
Armor: Robe              |    22 |    57 |   125 |    92 |    55 ||   351
Dodge: Dodged            |    28 |    58 |   199 |   222 |   180 ||   687
